IL
INDIANAPOLIS INDIANS @ RENO ACES
04/14/2044
 
TOP OF THE 1ST
Indianapolis Indians batting - Pitching for Reno Aces : RHP Aaron Saenz
Pitching: RHP Aaron Saenz
Batting: RHB Caleb Russell 0-0: Ball
1-0: Ball
2-0: Ball
3-0: Base on Balls
Batting: RHB Bubba Tierney 0-0: Called Strike
0-1: Ball
1-1: Ball
2-1: Swinging Strike
2-2: Strikes out looking
Batting: SHB Ben Myers 0-0: Called Strike
Caleb Russell steals 2nd base
0-1: Foul Ball, location: 2F
0-2: Fly out, F6 (Flyball, 56D, EV 78.8 MPH)
Batting: SHB Louie Horne 0-0: Ball
1-0: Ground out U3 (Groundball, 3, EV 88.1 MPH)
Top of the 1st over - 0 runs, 0 hits, 0 errors, 1 left on base; Indianapolis 0 - Reno 0
BOTTOM OF THE 1ST
Reno Aces batting - Pitching for Indianapolis Indians : LHP Martin Garcia
Pitching: LHP Martin Garcia
Batting: RHB Joe Smack 0-0: Ground out 5-3 (Groundball, 5L, EV 99.4 MPH)
Batting: SHB Warren Eisner 0-0: Ball
1-0: Foul Ball, location: 2F
1-1: Bunt missed!
1-2: Ground out 5-3 (Groundball, 56, EV 101.9 MPH)
Batting: LHB Roy Steigerwald 0-0: Ball
1-0: Fly out, F9 (Flyball, 9LM, EV 84.4 MPH)
Bottom of the 1st over - 0 runs, 0 hits, 0 errors, 0 left on base; Indianapolis 0 - Reno 0
TOP OF THE 2ND
Indianapolis Indians batting - Pitching for Reno Aces : RHP Aaron Saenz
Batting: LHB Jorge Quintana 0-0: SINGLE (Groundball, 34S, EV 68.1 MPH) (infield hit)
Batting: RHB Chris McCoy 0-0: Called Strike
0-1: Ball
Jorge Quintana steals 2nd base
1-1: Called Strike
1-2: Ball
2-2: Ball
3-2: Strikes out swinging
Batting: RHB Kirk Seiffert 0-0: Ball
1-0: Called Strike
1-1: SINGLE (Line Drive, 6D, EV 98.8 MPH)
Jorge Quintana to third
Batting: RHB Toshimi Shishido 0-0: Called Strike
Kirk Seiffert steals 2nd base
0-1: Ball
1-1: Ball
2-1: Ball
3-1: Ground out 6-3 (Groundball, 6, EV 89.4 MPH)
Jorge Quintana scores
Kirk Seiffert to third
Batting: RHB Danny Gallegos 0-0: Ball
1-0: Called Strike
1-1: Ground out 6-3 (Groundball, 6S, EV 80.0 MPH)
Top of the 2nd over - 1 run, 2 hits, 0 errors, 1 left on base; Indianapolis 1 - Reno 0
BOTTOM OF THE 2ND
Reno Aces batting - Pitching for Indianapolis Indians : LHP Martin Garcia
Batting: RHB Israel Gaona 0-0: Fly out, F9 (Flyball, 89M, EV 89.4 MPH)
Batting: SHB Troy Maynard 0-0: Foul Ball, location: 2F
0-1: Foul Ball, location: 2F
0-2: Ball
1-2: Foul Ball, location: 2F
1-2: Ball
2-2: Foul Ball, location: 2F
2-2: Strikes out swinging
Batting: RHB Scott Travis 0-0: Ball
1-0: Ball
2-0: SINGLE (Line Drive, 56, EV 101.9 MPH)
Batting: RHB Alex Vasquez 0-0: Ground out 5-3 (Groundball, 56S, EV 73.8 MPH)
Bottom of the 2nd over - 0 runs, 1 hit, 0 errors, 1 left on base; Indianapolis 1 - Reno 0
TOP OF THE 3RD
Indianapolis Indians batting - Pitching for Reno Aces : RHP Aaron Saenz
Batting: RHB Caleb Russell 0-0: Ball
1-0: Swinging Strike
1-1: Ball
2-1: Foul Ball, location: 2F
2-2: Ball
3-2: Strikes out swinging
Batting: RHB Bubba Tierney 0-0: Called Strike
0-1: Swinging Strike
0-2: Foul Ball, location: 2F
0-2: Ball
1-2: Ball
2-2: Fly out, F9 (Line Drive, 9D, EV 106.3 MPH)
Batting: SHB Ben Myers 0-0: Ball
1-0: Ball
2-0: Ball
3-0: Called Strike
3-1: Foul Ball, location: 2F
3-2: Foul Ball, location: 2F
3-2: Base on Balls
Batting: SHB Louie Horne 0-0: Ball
1-0: Called Strike
1-1: Ground out U3 (Groundball, 34D, EV 84.4 MPH)
Top of the 3rd over - 0 runs, 0 hits, 0 errors, 1 left on base; Indianapolis 1 - Reno 0
BOTTOM OF THE 3RD
Reno Aces batting - Pitching for Indianapolis Indians : LHP Martin Garcia
Batting: RHB Juan Espinoza 0-0: Ball
1-0: Foul Ball, location: 2F
1-1: Swinging Strike
1-2: Foul Ball, location: 2F
1-2: Ball
2-2: Fly out, F8 (Flyball, 8LS, EV 90.0 MPH)
Batting: RHB Tai Joo 0-0: Ball
1-0: Ball
2-0: Called Strike
2-1: Ball
3-1: Base on Balls
Batting: RHB Joe Smack 0-0: Foul Ball, location: 2F
0-1: Called Strike
0-2: Foul Ball, location: 2F
0-2: Ball
1-2: Foul Ball, location: 2F
1-2: Ball
2-2: 2-RUN HOME RUN (Flyball, 7LD, EV 95.0 MPH), Distance : 370 ft
Batting: SHB Warren Eisner 0-0: Called Strike
0-1: Swinging Strike
0-2: Ground out 5-3 (Groundball, 56, EV 98.1 MPH)
Batting: LHB Roy Steigerwald 0-0: Ground out U3 (Groundball, 34, EV 87.5 MPH)
Bottom of the 3rd over - 2 runs, 1 hit, 0 errors, 0 left on base; Indianapolis 1 - Reno 2
TOP OF THE 4TH
Indianapolis Indians batting - Pitching for Reno Aces : RHP Aaron Saenz
Batting: LHB Jorge Quintana 0-0: Foul Ball, location: 2F
0-1: Ball
1-1: Ball
2-1: Ball
3-1: Foul Ball, location: 2F
3-2: Ground out 4-3 (Groundball, 4, EV 100.6 MPH)
Batting: RHB Chris McCoy 0-0: Called Strike
0-1: Fly out, F8 (Flyball, 78M, EV 86.9 MPH)
Batting: RHB Kirk Seiffert 0-0: Ground out 5-3 (Groundball, 56, EV 81.9 MPH)
Top of the 4th over - 0 runs, 0 hits, 0 errors, 0 left on base; Indianapolis 1 - Reno 2
BOTTOM OF THE 4TH
Reno Aces batting - Pitching for Indianapolis Indians : LHP Martin Garcia
Batting: RHB Israel Gaona 0-0: Called Strike
0-1: Fly out, F9 (Flyball, 9S, EV 90.0 MPH)
Batting: SHB Troy Maynard 0-0: Called Strike
0-1: Foul Ball, location: 2F
0-2: Ball
1-2: Foul Ball, location: 2F
1-2: Ball
2-2: DOUBLE (Flyball, 89XD, EV 101.3 MPH)
Batting: RHB Scott Travis 0-0: Foul Ball, location: 2F
0-1: Swinging Strike
0-2: DOUBLE (Line Drive, 89D, EV 107.5 MPH)
Troy Maynard scores
Batting: RHB Alex Vasquez 0-0: DOUBLE (Flyball, 8RXD, EV 98.8 MPH)
Scott Travis scores
Batting: RHB Juan Espinoza 0-0: Ball
1-0: Ball
2-0: Ball
3-0: Base on Balls
Batting: RHB Tai Joo 0-0: Swinging Strike
0-1: Fielders Choice at 2nd, 3-6 (Groundball, 3, EV 81.3 MPH)
Alex Vasquez to third
Batting: RHB Joe Smack 0-0: 3-RUN HOME RUN (Flyball, 7LD, EV 91.9 MPH), Distance : 356 ft
Pitching: RHP Mitch Ingerson
Batting: SHB Warren Eisner 0-0: Ball
1-0: Foul Ball, location: 2F
1-1: Fly out, F8 (Flyball, 8LD, EV 83.8 MPH)
Bottom of the 4th over - 5 runs, 4 hits, 0 errors, 0 left on base; Indianapolis 1 - Reno 7
TOP OF THE 5TH
Indianapolis Indians batting - Pitching for Reno Aces : RHP Aaron Saenz
Batting: RHB Toshimi Shishido 0-0: Foul Ball, location: 2F
0-1: Ball
1-1: Swinging Strike
1-2: Ball
2-2: Foul Ball, location: 2F
2-2: Ball
3-2: Foul Ball, location: 2F
3-2: Base on Balls
Batting: RHB Danny Gallegos 0-0: Ball
Wild Pitch!
Toshimi Shishido to second
1-0: Foul Ball, location: 2F
1-1: Ball
2-1: Foul Ball, location: 2F
2-2: Ball
3-2: Ground out 3-1 (Groundball, 13, EV 88.1 MPH)
Toshimi Shishido to third
Batting: RHB Caleb Russell 0-0: Ball
1-0: Ball
2-0: Called Strike
2-1: Foul Ball, location: 2F
2-2: Ball
3-2: Foul Ball, location: 2F
3-2: Fly out, F8 (Flyball, 89XD, EV 105.6 MPH)
Runner from 3rd tags up, SCORES, no throw by CF
Batting: RHB Bubba Tierney 0-0: Ground out 6-3 (Groundball, 6, EV 86.3 MPH)
Top of the 5th over - 1 run, 0 hits, 0 errors, 0 left on base; Indianapolis 2 - Reno 7
BOTTOM OF THE 5TH
Reno Aces batting - Pitching for Indianapolis Indians : RHP Mitch Ingerson
Batting: LHB Roy Steigerwald 0-0: Foul Ball, location: 2F
0-1: Ball
1-1: Ball
2-1: Swinging Strike
2-2: DOUBLE (Line Drive, 78M, EV 95.0 MPH)
Batting: RHB Israel Gaona 0-0: Ball
1-0: Foul Ball, location: 2F
1-1: DOUBLE (Line Drive, 78D, EV 100.0 MPH)
Roy Steigerwald scores
Batting: SHB Troy Maynard 0-0: Ball
1-0: Ball
2-0: Called Strike
2-1: Called Strike
2-2: Ball
3-2: Ground out 6-3 (Groundball, 6M, EV 106.9 MPH)
Israel Gaona to third
Batting: RHB Scott Travis 0-0: DOUBLE (Groundball, 5L, EV 105.6 MPH)
Israel Gaona scores
Batting: RHB Alex Vasquez 0-0: Ball
1-0: Ball
2-0: Foul Ball, location: 2F
2-1: Swinging Strike
2-2: Ground out 6-3 (Groundball, 56D, EV 80.0 MPH)
Batting: RHB Juan Espinoza 0-0: Fly out, F9 (Line Drive, 9D, EV 92.5 MPH)
Bottom of the 5th over - 2 runs, 3 hits, 0 errors, 1 left on base; Indianapolis 2 - Reno 9
TOP OF THE 6TH
Indianapolis Indians batting - Pitching for Reno Aces : RHP Aaron Saenz
Batting: SHB Ben Myers 0-0: Ground out 6-3 (Groundball, 6M, EV 81.9 MPH)
Batting: SHB Louie Horne 0-0: Ball
1-0: Foul Ball, location: 2F
1-1: Ball
2-1: Foul Ball, location: 2F
2-2: Ground out 4-3 (Groundball, 4MS, EV 87.5 MPH)
Batting: LHB Jorge Quintana 0-0: Ball
1-0: Foul Ball, location: 2F
1-1: Ball
2-1: Ball
3-1: Base on Balls
Pitching: RHP Roberto Preciado
Batting: RHB Chris McCoy 0-0: Ball
Jorge Quintana steals 2nd base
1-0: Foul Ball, location: 2F
1-1: Single, Error in OF, E9, batter to second base (Groundball, 34D, EV 96.9 MPH)
Jorge Quintana scores
Batting: RHB Kirk Seiffert 0-0: Ground out 4-3 (Groundball, 34, EV 100.6 MPH)
Top of the 6th over - 1 run, 1 hit, 1 error, 1 left on base; Indianapolis 3 - Reno 9
BOTTOM OF THE 6TH
Reno Aces batting - Pitching for Indianapolis Indians : RHP Mitch Ingerson
Batting: RHB Tai Joo 0-0: Called Strike
0-1: Swinging Strike
0-2: Foul Ball, location: 2F
0-2: Ground out 6-3 (Groundball, 6, EV 90.0 MPH)
Batting: RHB Joe Smack 0-0: Called Strike
0-1: Swinging Strike
0-2: TRIPLE (Groundball, 3L, EV 110.0 MPH)
Batting: SHB Warren Eisner 0-0: Ball
1-0: Fly out, F9 (Flyball, 9, EV 72.5 MPH)
Runner from 3rd tags up, SCORES, no throw by RF
Batting: LHB Roy Steigerwald 0-0: Foul Ball, location: 2F
0-1: Ball
1-1: Fly out, F6 (Popup, 6MD, EV 51.9 MPH)
Bottom of the 6th over - 1 run, 1 hit, 0 errors, 0 left on base; Indianapolis 3 - Reno 10
TOP OF THE 7TH
Indianapolis Indians batting - Pitching for Reno Aces : RHP Roberto Preciado
Batting: RHB Toshimi Shishido 0-0: Ball
1-0: Called Strike
1-1: Fly out, F5 (Popup, 5SF, EV 75.6 MPH)
Batting: RHB Danny Gallegos 0-0: Called Strike
0-1: Ball
1-1: Foul Ball, location: 2F
1-2: SINGLE (Groundball, 56S, EV 70.0 MPH) (infield hit)
Batting: RHB Caleb Russell 0-0: Ball
1-0: Ball
2-0: Swinging Strike
2-1: Fly out, F9 (Flyball, 9S, EV 73.1 MPH)
Batting: RHB Bubba Tierney 0-0: SINGLE (Line Drive, 89S, EV 93.1 MPH)
Danny Gallegos to second
Batting: SHB Ben Myers 0-0: Called Strike
0-1: Called Strike
0-2: Strikes out swinging
Top of the 7th over - 0 runs, 2 hits, 0 errors, 2 left on base; Indianapolis 3 - Reno 10
BOTTOM OF THE 7TH
Reno Aces batting - Pitching for Indianapolis Indians : RHP Mitch Ingerson
Batting: RHB Israel Gaona 0-0: Swinging Strike
0-1: Ball
1-1: Foul Ball, location: 2F
1-2: Foul Ball, location: 2F
1-2: Foul Ball, location: 2F
1-2: Ground out 1-3 (Groundball, 13, EV 68.8 MPH)
Batting: SHB Troy Maynard 0-0: Ball
1-0: Fly out, F8 (Flyball, 89D, EV 92.5 MPH)
Batting: RHB Scott Travis 0-0: Ground out 6-3 (Groundball, P, EV 88.1 MPH)
Bottom of the 7th over - 0 runs, 0 hits, 0 errors, 0 left on base; Indianapolis 3 - Reno 10
TOP OF THE 8TH
Indianapolis Indians batting - Pitching for Reno Aces : RHP Roberto Preciado
Pinch Hitting: RHB Colt Lester 0-0: Ball
1-0: Fly out, F7 (Flyball, 7LS, EV 88.8 MPH)
Batting: LHB Jorge Quintana 0-0: Foul Ball, location: 2F
0-1: Foul Ball, location: 2F
0-2: Fly out, F5 (Popup, 5SF, EV 85.6 MPH)
Batting: RHB Chris McCoy 0-0: Called Strike
0-1: Ball
1-1: Fly out, F9 (Flyball, 89M, EV 92.5 MPH)
Top of the 8th over - 0 runs, 0 hits, 0 errors, 0 left on base; Indianapolis 3 - Reno 10
BOTTOM OF THE 8TH
Reno Aces batting - Pitching for Indianapolis Indians : RHP Mitch Ingerson
Now at 1B: Colt Lester
Pinch Hitting: SHB Luis Lira 0-0: Ball
1-0: Fly out, F9 (Flyball, 9S, EV 87.5 MPH)
Batting: RHB Juan Espinoza 0-0: Ball
1-0: Ball
2-0: Ball
3-0: Called Strike
3-1: Foul Ball, location: 2F
3-2: Foul Ball, location: 2F
3-2: Fly out, F4 (Popup, 23, EV 90.6 MPH)
Batting: RHB Tai Joo 0-0: Called Strike
0-1: Ball
1-1: SINGLE (Groundball, 4MD, EV 98.8 MPH)
Batting: RHB Joe Smack 0-0: Ball
1-0: Called Strike
1-1: Foul Ball, location: 2F
1-2: Ball
2-2: Ball
3-2: Fly out, F8 (Flyball, 8RXD, EV 102.5 MPH)
Bottom of the 8th over - 0 runs, 1 hit, 0 errors, 1 left on base; Indianapolis 3 - Reno 10
TOP OF THE 9TH
Indianapolis Indians batting - Pitching for Reno Aces : RHP Roberto Preciado
Now at 1B: Nestor Ramirez
Batting: RHB Kirk Seiffert 0-0: Called Strike
0-1: Ball
1-1: Hit by Pitch
Batting: RHB Toshimi Shishido 0-0: Ball
1-0: Grounds into double play, 5-4-3 (Groundball, 56, EV 101.3 MPH)
Batting: RHB Danny Gallegos 0-0: Ball
1-0: Ball
2-0: Called Strike
2-1: Ball
3-1: SINGLE (Groundball, 56S, EV 70.0 MPH) (infield hit)
Batting: RHB Caleb Russell 0-0: Called Strike
0-1: DOUBLE (Flyball, 8RXD, EV 98.8 MPH)
Danny Gallegos to third
Batting: RHB Bubba Tierney 0-0: Foul Ball, location: 2F
0-1: Ball
1-1: Swinging Strike
1-2: Strikes out swinging
Top of the 9th over - 0 runs, 2 hits, 0 errors, 2 left on base; Indianapolis 3 - Reno 10
Thursday, March 31st , 2022 - OOTP Baseball 22.12 Build 89